XFBL
NEW YORK METS @ MONTREAL EXPOS
06/30/1982
 
TOP OF THE 1ST
New York Mets batting - Pitching for Montreal Expos : LHP Frank Riccelli
Pitching: LHP Frank Riccelli
Batting: RHB Ray Knight 0-0: Fly out, F6 (Line Drive, 6, EV 68.8 MPH)
Batting: LHB Terry Kennedy 0-0: Ball
1-0: Ground out 6-3 (Groundball, 6, EV 108.8 MPH)
Batting: SHB Ken Singleton 0-0: Ball
1-0: Ball
2-0: Called Strike
2-1: Foul Ball, location: 2F
2-2: Ball
3-2: Fly out, F5 (Flyball, 5D, EV 73.1 MPH)
Top of the 1st over - 0 runs, 0 hits, 0 errors, 0 left on base; New York 0 - Montreal 0
BOTTOM OF THE 1ST
Montreal Expos batting - Pitching for New York Mets : RHP Elias Sosa
Pitching: RHP Elias Sosa
Batting: LHB Duane Walker 0-0: Ball
1-0: Called Strike
1-1: Foul Ball, location: 2F
1-2: Strikes out swinging
Batting: SHB Garry Templeton 0-0: Ball
1-0: Ball
2-0: Ball
3-0: Called Strike
3-1: Foul Ball, location: 2F
3-2: Foul Ball, location: 2F
3-2: Base on Balls
Batting: LHB Kirk Gibson 0-0: Ball
1-0: Foul Ball, location: 2F
1-1: Foul Ball, location: 2F
1-2: Ball
2-2: Ball
3-2: Foul Ball, location: 2F
3-2: Fielders Choice at 2nd, 4-6 (Groundball, 34D, EV 96.3 MPH)
Batting: RHB Dale Murphy 0-0: Ball
Kirk Gibson steals 2nd, throwing error, E2
Kirk Gibson to third
1-0: Ball
2-0: Called Strike
2-1: Foul Ball, location: 2F
2-2: Ground out 6-3 (Groundball, 6, EV 87.5 MPH)
Bottom of the 1st over - 0 runs, 0 hits, 1 error, 1 left on base; New York 0 - Montreal 0
TOP OF THE 2ND
New York Mets batting - Pitching for Montreal Expos : LHP Frank Riccelli
Batting: RHB Garry Maddox 0-0: Called Strike
0-1: Ball
1-1: Foul Ball, location: 2F
1-2: SINGLE (Flyball, 89S, EV 86.9 MPH)
Batting: LHB John Kruk 0-0: Ball
1-0: Called Strike
1-1: Foul Ball, location: 2F
1-2: Ball
2-2: Reached on error, E4 (Groundball, 4, EV 106.9 MPH)
Garry Maddox to second
Batting: RHB Dave Concepcion 0-0: Called Strike
0-1: Foul Ball, location: 2F
0-2: Strikes out swinging
Batting: RHB Rick Burleson 0-0: Foul Ball, location: 2F
0-1: Called Strike
0-2: Ball
1-2: SINGLE (Groundball, 34D, EV 98.1 MPH)
Garry Maddox to third
John Kruk to second
Runner from 3rd tries for Home, SAFE, throw by RF to home
Batting: LHB Lyman Bostock 0-0: Swinging Strike
0-1: Ball
1-1: Fly out, F7 (Line Drive, 7D, EV 95.0 MPH)
Batting: RHB Elias Sosa 0-0: Foul Ball, location: 2F
0-1: Swinging Strike
0-2: Ball
1-2: Strikes out swinging
Top of the 2nd over - 1 run, 2 hits, 1 error, 2 left on base; New York 1 - Montreal 0
BOTTOM OF THE 2ND
Montreal Expos batting - Pitching for New York Mets : RHP Elias Sosa
Batting: RHB Dave Winfield 0-0: Called Strike
0-1: Foul Ball, location: 2F
0-2: Ball
1-2: Fly out, F8 (Line Drive, 8LD, EV 89.4 MPH)
Batting: LHB Timnothy Meyer 0-0: Called Strike
0-1: Ball
1-1: Ball
2-1: Called Strike
2-2: Foul Ball, location: 2F
2-2: Ball
3-2: Ground out 4-3 (Groundball, 4, EV 76.9 MPH)
Batting: LHB Ernesto Quevedo 0-0: Ball
1-0: Foul Ball, location: 2F
1-1: Swinging Strike
1-2: Strikes out swinging
Bottom of the 2nd over - 0 runs, 0 hits, 0 errors, 0 left on base; New York 1 - Montreal 0
TOP OF THE 3RD
New York Mets batting - Pitching for Montreal Expos : LHP Frank Riccelli
Batting: RHB Ray Knight 0-0: Ball
1-0: Called Strike
1-1: Ball
2-1: Ball
3-1: Swinging Strike
3-2: SINGLE (Line Drive, 4MD, EV 105.6 MPH)
Batting: LHB Terry Kennedy 0-0: Ball
1-0: Grounds into double play, 4-6-3 (Groundball, 34D, EV 81.9 MPH)
Batting: SHB Ken Singleton 0-0: Ball
1-0: Foul Ball, location: 2F
1-1: Single, Error in OF, E9, batter to second base (Line Drive, 9LS, EV 103.8 MPH)
Batting: RHB Garry Maddox 0-0: Foul Ball, location: 2F
0-1: Ball
1-1: Foul Ball, location: 2F
1-2: Ground out 6-3 (Groundball, 6, EV 101.9 MPH)
Top of the 3rd over - 0 runs, 2 hits, 1 error, 1 left on base; New York 1 - Montreal 0
BOTTOM OF THE 3RD
Montreal Expos batting - Pitching for New York Mets : RHP Elias Sosa
Batting: SHB Biff Pocoroba 0-0: Ground out 3-1 (Groundball, 34S, EV 72.5 MPH)
Batting: LHB Frank Riccelli 0-0: Ball
1-0: Fly out, F4 (Flyball, 34D, EV 91.9 MPH)
Batting: LHB Duane Walker 0-0: DOUBLE (Flyball, 89D, EV 90.6 MPH)
Batting: SHB Garry Templeton 0-0: Ball
1-0: Ball
2-0: Ball
3-0: Called Strike
3-1: Foul Ball, location: 2F
3-2: Foul Ball, location: 2F
3-2: Fly out, F8 (Flyball, 78D, EV 86.9 MPH)
Bottom of the 3rd over - 0 runs, 1 hit, 0 errors, 1 left on base; New York 1 - Montreal 0
TOP OF THE 4TH
New York Mets batting - Pitching for Montreal Expos : LHP Frank Riccelli
Batting: LHB John Kruk 0-0: SINGLE (Groundball, 4MD, EV 99.4 MPH)
Batting: RHB Dave Concepcion 0-0: Called Strike
0-1: Ball
1-1: Ball
2-1: Foul Ball, location: 2F
2-2: Ground out 5-3 (Groundball, 56S, EV 67.5 MPH)
John Kruk to second
Batting: RHB Rick Burleson 0-0: Ball
1-0: SINGLE (Groundball, 56S, EV 68.8 MPH) (infield hit)
John Kruk to third
Batting: LHB Lyman Bostock 0-0: Foul Ball, location: 2F
0-1: Foul Ball, location: 2F
0-2: Ball
1-2: Ball
2-2: Ball
Wild Pitch!
John Kruk scores
Rick Burleson to second
3-2: Fly out, F5 (Popup, 25F, EV 87.5 MPH)
Batting: RHB Elias Sosa 0-0: Ground out 6-3 (Groundball, 6, EV 85.6 MPH)
Top of the 4th over - 1 run, 2 hits, 0 errors, 1 left on base; New York 2 - Montreal 0
BOTTOM OF THE 4TH
Montreal Expos batting - Pitching for New York Mets : RHP Elias Sosa
Batting: LHB Kirk Gibson 0-0: Called Strike
0-1: Called Strike
0-2: Fly out, F8 (Flyball, 8RM, EV 83.1 MPH)
Batting: RHB Dale Murphy 0-0: Called Strike
0-1: Ball
1-1: DOUBLE (Flyball, 8RXD, EV 106.3 MPH)
Batting: RHB Dave Winfield 0-0: Ball
1-0: Swinging Strike
1-1: Swinging Strike
1-2: Ball
2-2: Strikes out swinging
Batting: LHB Timnothy Meyer 0-0: Called Strike
0-1: Ball
1-1: SINGLE (Groundball, 13S, EV 61.9 MPH) (infield hit)
Dale Murphy to third
Batting: LHB Ernesto Quevedo 0-0: Ball
1-0: Called Strike
1-1: Ball
2-1: Fielders Choice at 2nd, U6 (Groundball, 6M, EV 89.4 MPH)
Bottom of the 4th over - 0 runs, 2 hits, 0 errors, 2 left on base; New York 2 - Montreal 0
TOP OF THE 5TH
New York Mets batting - Pitching for Montreal Expos : LHP Frank Riccelli
Batting: RHB Ray Knight 0-0: Called Strike
0-1: Foul Ball, location: 2F
0-2: Fly out, F7 (Flyball, 7D, EV 92.5 MPH)
Batting: LHB Terry Kennedy 0-0: Ball
1-0: Ball
2-0: Foul Ball, location: 2F
2-1: Foul Ball, location: 2F
2-2: Ball
3-2: Base on Balls
Batting: SHB Ken Singleton 0-0: Ball
1-0: Foul Ball, location: 2F
1-1: Ball
2-1: Foul Ball, location: 2F
2-2: Foul Ball, location: 2F
2-2: Fly out, F9 (Flyball, 9, EV 86.3 MPH)
Batting: RHB Garry Maddox 0-0: Ball
1-0: Swinging Strike
1-1: Ball
2-1: Fly out, F7 (Flyball, 78S, EV 74.4 MPH)
Top of the 5th over - 0 runs, 0 hits, 0 errors, 1 left on base; New York 2 - Montreal 0
BOTTOM OF THE 5TH
Montreal Expos batting - Pitching for New York Mets : RHP Elias Sosa
Batting: SHB Biff Pocoroba 0-0: Ground out 6-3 (Groundball, 6, EV 90.0 MPH)
Batting: LHB Frank Riccelli 0-0: Ball
1-0: Ground out 6-3 (Groundball, 6, EV 85.0 MPH)
Batting: LHB Duane Walker 0-0: Ball
1-0: Ball
2-0: Ball
3-0: Called Strike
3-1: Base on Balls
Batting: SHB Garry Templeton 0-0: Fly out, F7 (Flyball, 7LM, EV 91.9 MPH)
Bottom of the 5th over - 0 runs, 0 hits, 0 errors, 1 left on base; New York 2 - Montreal 0
TOP OF THE 6TH
New York Mets batting - Pitching for Montreal Expos : LHP Frank Riccelli
Batting: LHB John Kruk 0-0: Fly out, F7 (Flyball, 78M, EV 89.4 MPH)
Batting: RHB Dave Concepcion 0-0: Called Strike
0-1: Foul Ball, location: 2F
0-2: Strikes out looking
Batting: RHB Rick Burleson 0-0: Ball
1-0: Foul Ball, location: 2F
1-1: Ball
2-1: Swinging Strike
2-2: Foul Ball, location: 2F
2-2: Foul Ball, location: 2F
2-2: SINGLE (Groundball, 6MD, EV 98.8 MPH)
Batting: LHB Lyman Bostock 0-0: Ball
1-0: Called Strike
1-1: Foul Ball, location: 2F
1-2: Foul Ball, location: 2F
1-2: Fly out, F7 (Flyball, 78D, EV 73.8 MPH)
Top of the 6th over - 0 runs, 1 hit, 0 errors, 1 left on base; New York 2 - Montreal 0
BOTTOM OF THE 6TH
Montreal Expos batting - Pitching for New York Mets : RHP Elias Sosa
Batting: LHB Kirk Gibson 0-0: Fly out, F6 (Line Drive, 6, EV 71.3 MPH)
Batting: RHB Dale Murphy 0-0: Swinging Strike
0-1: Ball
1-1: Foul Ball, location: 2F
1-2: Ball
2-2: Strikes out looking
Batting: RHB Dave Winfield 0-0: Ball
1-0: Ball
2-0: Called Strike
2-1: Foul Ball, location: 2F
2-2: Strikes out looking
Bottom of the 6th over - 0 runs, 0 hits, 0 errors, 0 left on base; New York 2 - Montreal 0
TOP OF THE 7TH
New York Mets batting - Pitching for Montreal Expos : LHP Frank Riccelli
Batting: RHB Elias Sosa 0-0: Ball
1-0: Ground out 6-3 (Groundball, 6, EV 89.4 MPH)
Batting: RHB Ray Knight 0-0: Ball
1-0: Fly out, F6 (Popup, P, EV 81.9 MPH)
Batting: LHB Terry Kennedy 0-0: Ball
1-0: Foul Ball, location: 2F
1-1: Called Strike
1-2: Foul Ball, location: 2F
1-2: Fly out, F7 (Flyball, 7S, EV 73.1 MPH)
Top of the 7th over - 0 runs, 0 hits, 0 errors, 0 left on base; New York 2 - Montreal 0
BOTTOM OF THE 7TH
Montreal Expos batting - Pitching for New York Mets : RHP Elias Sosa
Batting: LHB Timnothy Meyer 0-0: Called Strike
0-1: Ball
1-1: Fly out, F9 (Flyball, 9S, EV 89.4 MPH)
Batting: LHB Ernesto Quevedo 0-0: Called Strike
0-1: Ball
1-1: Foul Ball, location: 2F
1-2: Ball
2-2: Fly out, F7 (Flyball, 7D, EV 93.1 MPH)
Batting: SHB Biff Pocoroba 0-0: Foul Ball, location: 2F
0-1: Swinging Strike
0-2: Strikes out swinging
Bottom of the 7th over - 0 runs, 0 hits, 0 errors, 0 left on base; New York 2 - Montreal 0
TOP OF THE 8TH
New York Mets batting - Pitching for Montreal Expos : LHP Frank Riccelli
Batting: SHB Ken Singleton 0-0: Foul Ball, location: 2F
0-1: Foul Ball, location: 2F
0-2: Ball
1-2: Ball
2-2: SINGLE (Flyball, 5D, EV 93.8 MPH)
Batting: RHB Garry Maddox 0-0: SINGLE (Line Drive, 3, EV 73.8 MPH) (infield hit)
Ken Singleton to second
Batting: LHB John Kruk 0-0: Ball
1-0: Swinging Strike
1-1: Swinging Strike
1-2: Ball
2-2: DOUBLE (Line Drive, 9LS, EV 95.0 MPH)
Ken Singleton scores
Garry Maddox to third
Runner from 3rd tries for Home, SAFE, throw by RF to home
Batting: RHB Dave Concepcion 0-0: Fly out, F7 (Flyball, 78D, EV 107.5 MPH)
Runner from 2nd tags up, SAFE at 3rd with throw by LF
Batting: RHB Rick Burleson 0-0: Ball
1-0: Called Strike
1-1: Fly out, F8 (Flyball, 78S, EV 90.6 MPH)
Batting: LHB Lyman Bostock 0-0: Foul Ball, location: 2F
0-1: Swinging Strike
0-2: Ball
1-2: Ball
2-2: Strikes out swinging
Top of the 8th over - 2 runs, 3 hits, 0 errors, 1 left on base; New York 4 - Montreal 0
BOTTOM OF THE 8TH
Montreal Expos batting - Pitching for New York Mets : RHP Elias Sosa
Pinch Hitting: LHB Guonçalo Fernandes 0-0: Called Strike
0-1: Swinging Strike
0-2: Ground out 5-3 (Groundball, 5L, EV 99.4 MPH)
Batting: LHB Duane Walker 0-0: Ball
1-0: Called Strike
1-1: Ball
2-1: Called Strike
2-2: Foul Ball, location: 2F
2-2: Ball
3-2: Base on Balls
Pitching: RHP Matt Adams
Now in RF: Roy E Johnson
Batting: SHB Garry Templeton 0-0: Foul Ball, location: 2F
0-1: Ball
1-1: DOUBLE (Groundball, 3L, EV 107.5 MPH)
Duane Walker to third
Runner from 3rd tries for Home, SAFE, no throw by RF
Batting: LHB Kirk Gibson 0-0: Called Strike
0-1: Ball
1-1: Fly out, F7 (Flyball, 7, EV 87.5 MPH)
Batting: RHB Dale Murphy 0-0: Ball
1-0: SINGLE (Line Drive, 9LS, EV 91.9 MPH)
Garry Templeton to third
Runner from 3rd tries for Home, SAFE, throw by RF to home
Batting: RHB Dave Winfield 0-0: Called Strike
0-1: Fly out, F8 (Line Drive, 8LM, EV 93.8 MPH)
Bottom of the 8th over - 2 runs, 2 hits, 0 errors, 1 left on base; New York 4 - Montreal 2
TOP OF THE 9TH
New York Mets batting - Pitching for Montreal Expos : LHP Frank Riccelli
Pitching: LHP Bob Ojeda
Batting: LHB Roy E Johnson 0-0: Ball
1-0: Ball
2-0: Fly out, F7 (Flyball, 7S, EV 80.6 MPH)
Batting: RHB Ray Knight 0-0: Called Strike
0-1: Ball
1-1: Fly out, F3 (Popup, 3SF, EV 77.5 MPH)
Batting: LHB Terry Kennedy 0-0: Foul Ball, location: 2F
0-1: Foul Ball, location: 2F
0-2: Strikes out swinging
Top of the 9th over - 0 runs, 0 hits, 0 errors, 0 left on base; New York 4 - Montreal 2
BOTTOM OF THE 9TH
Montreal Expos batting - Pitching for New York Mets : RHP Matt Adams
Now at 1B: Gary Redus
Batting: LHB Timnothy Meyer 0-0: Ball
1-0: Swinging Strike
1-1: Foul Ball, location: 2F
1-2: Foul Ball, location: 2F
1-2: Strikes out looking
Batting: LHB Ernesto Quevedo 0-0: Ball
1-0: Ball
2-0: Ball
3-0: Base on Balls
Batting: SHB Biff Pocoroba 0-0: Ground out 4-3 (Groundball, 34, EV 81.9 MPH)
Ernesto Quevedo to second
Pinch Hitting: RHB Luis Sanchez 0-0: Called Strike
0-1: Ball
1-1: Called Strike
1-2: Strikes out swinging
Bottom of the 9th over - 0 runs, 0 hits, 0 errors, 1 left on base; New York 4 - Montreal 2
Wednesday, August 12th, 2020 - OOTP Baseball 21.5 Build 76